 Dungeon Crawl Stone Soup version 0.31.0-11-ge490571c62 (webtiles) character file.

Game seed: 5160363197898865379

88 Strat the Magician (level 4, -1/30 HPs)
             Began as a Mummy Alchemist on Jan 26, 2024.
             Frozen to death by an endoplasm (2 damage)
             ... on level 3 of the Dungeon.
             The game lasted 00:04:36 (1667 turns).

Strat the Magician (Mummy Alchemist)                Turns: 1667, Time: 00:04:37

Health: -1/30      AC:  2    Str: 11    XL:     4   Next: 30%
Magic:  10/10      EV: 12    Int: 16    God:
Gold:   78         SH:  0    Dex: 12    Spells: 8/11 levels left

rFire   . . .        a - +0 quarterstaff
rCold   + . .        (shield currently unavailable)
rNeg    + + +        i - +0 robe
rPois   ∞            (no helmet)
rElec   .            (no cloak)
rCorr   +            (no gloves)
SInv    .            (no boots)
Will    .....        (no amulet)
Stlth   ++           g - ring of protection from fire
HPRegen 0.25/turn    h - ring of resist corrosion
MPRegen 0.12/turn

%: faith
@: no status effects
A: cold resistance 1, negative energy resistance 3, torment resistance 2, heat
vulnerability 1, in touch with death 1, no potions, faith
a: no special abilities


You were on level 3 of the Dungeon.
You visited 1 branch of the dungeon, and saw 3 of its levels.

You collected 138 gold pieces.
You spent 60 gold pieces at shops.

Inventory:

Hand Weapons
 a - a +0 quarterstaff (weapon)
 b - a +0 dagger
Armour
 i - a +0 robe (worn)
Jewellery
 g - a ring of protection from fire (left hand)
 h - a ring of resist corrosion (right hand)
Scrolls
 c - 3 scrolls of identify
 d - 3 scrolls of teleportation
 e - a scroll of torment {unknown}
 f - a scroll of blinking
 j - a scroll of enchant weapon {unknown}
 k - a scroll of amnesia {unknown}


   Skills:
 - Level 1.5 Dodging
 - Level 1.5 Stealth
 + Level 4.1 Spellcasting
 - Level 0.7 Conjurations
 * Level 3.6 Alchemy


You had 8 spell levels left.
You knew the following spells:

 Your Spells              Type           Power      Damage    Failure   Level
a - Sting                 Conj/Alch      40%        1d5       7%          1
b - Mercury Vapours       Alch/Air       18%        N/A       12%         2

Your spell library contained the following spells:

 Spells                   Type           Power      Damage    Failure   Level
 Static Discharge         Conj/Air       8%         3-4/arc   22%         2
 Mephitic Cloud           Conj/Alch/Air  8%         N/A       26%         3
 Olgreb's Toxic Radiance  Alch           15%        N/A       36%         4
 Sticky Flame             Fire/Alch      9%         2d5       61%         4
 Airstrike                Air            1%         2d(1-17)  86%         4
 Summon Lightning Spire   Summ/Air       3%         N/A       86%         4


Dungeon Overview and Level Annotations

Branches:
Dungeon (3/15)

Altars:
Uskayaw

Shops:
D:3 ?

Annotations:
D:1 1 transporter


Innate Abilities, Weirdness & Mutations

You are immune to poison.
Your flesh is cold resistant. (rC+)
You are immune to negative energy. (rN+++)
You are immune to unholy pain and torment.
You are vulnerable to heat. (rF-)
You are in touch with the powers of death.
You do not drink.
You have a special connection with the divine. (Faith)


Message History

The orc wizard gestures at you while chanting.
You are confused.
The orc wizard gestures wildly while chanting.
The orc wizard flickers and vanishes!
Deactivating autopickup; reactivate with Ctrl-A.
You're too confused to move!
Something hits you.
You bump into the rock wall.
Something hits you but does no damage.
You bump into the rock wall.
You hear some strange, mumbled words.
You are more confused.
Something hits you. Something hits you.
* * * LOW HITPOINT WARNING * * *
You barely miss something. Something barely misses you.
The gnoll shouts!
You're too confused to move!
Something hits you but does no damage.
You're too confused to move!
Something barely misses you.
An endoplasm comes into view.
Something hits you but does no damage. The gnoll attacks as it pursues you!
The gnoll barely misses you.
You bump into the rock wall.
Something hits you but does no damage. The gnoll hits you with a +0 club.
* * * LOW HITPOINT WARNING * * *
You're too confused to move!
The endoplasm quivers.
The gnoll hits you with a +0 whip!
* * * LOW HITPOINT WARNING * * *
Something hits you.
* * * LOW HITPOINT WARNING * * *
The gnoll misses you.
You closely miss something.
You feel less confused. The gnoll hits you with a +0 whip.
* * * LOW HITPOINT WARNING * * *
Something hits you but does no damage. The endoplasm barely misses you.
Something hits you.
* * * LOW HITPOINT WARNING * * *
The endoplasm freezes you.
You are frozen.
You resist.
You die...

.<..#.###.. ...........#
#....... ....#..#.#
####....#### ##.##...
....#....# #....# .# ...
♣..##....# ####.## .# #.
..##....## +.##!.######.##.#
##.......# +................
###.....# +g.#####...#..##
#.##.## #†g#######....#
###.#...# #@g..............
........########J.####..#g..#.#
#..###..†..............< ......
...# #......######.####. ...g..
### #......# ..# >.... ########
#... ..... ####


You could see 3 gnolls and an endoplasm.

Vanquished Creatures
  A bombardier beetle (D:3)
  An adder (D:3)
  2 dart slugs (D:1)
  2 orcs (D:3)
  A ball python (D:1)
  A bat (D:2)
  2 endoplasms (D:1)
  A giant cockroach (D:1)
  6 goblins
  8 hobgoblins
  2 jackals (D:1)
  A kobold (D:3)
  3 quokkas
  3 frilled lizards
  4 rats
38 creatures vanquished.

Notes
Turn   | Place    | Note
-------+----------+-------------------------------------------
     0 | D:1      | Strat the Mummy Alchemist began the quest for the Orb.
     0 | D:1      | Reached XP level 1. HP: 13/13 MP: 4/4
   116 | D:1      | Reached skill level 3 in Spellcasting
   241 | D:1      | Reached XP level 2. HP: 13/19 MP: 1/6
   305 | D:1      | Learned a level 2 spell: Mercury Vapours
   895 | D:2      | Reached XP level 3. HP: 21/24 MP: 0/8
  1202 | D:2      | You fall into a shaft and drop 1 floor!
  1289 | D:3      | Found Nabboasher's Magic Scroll Shop.
  1331 | D:3      | Bought a scroll of teleportation for 36 gold pieces
  1331 | D:3      | Bought a scroll of identify for 24 gold pieces
  1418 | D:3      | Reached skill level 4 in Spellcasting
  1418 | D:3      | Reached XP level 4. HP: 30/30 MP: 3/10
  1579 | D:3      | Found a hide-covered altar of Uskayaw.
  1667 | D:3      | HP: 1/30 [something (3)]
  1667 | D:3      | Frozen to death by an endoplasm

Illustrated notes

Levels and vault maps discovered:
D:1:      spicycebolla_arrival_risky_transporter, layout_rooms,
          minmay_hexomino_u4
D:2:      layout_basic, hangedman_decor_push, minmay_fractal_squares_5,
          uniq_robin
D:3:      layout_rooms, lemuel_crystal_altar, mainiacjoe_overflow_alcove_4,
          serial_shops, shop, grunt_ministairs_10, kennysheep_generic_room_15

Skill      XL: |  1  2  3 |
---------------+----------+-----
Spellcasting   | 3 4 |  4.1
Alchemy        | 3 |  3.6
Dodging        | |  1.5
Stealth        | |  1.5
Conjurations   | |  0.7

Action                     |  1- 3 |  4- 6 || total
---------------------------+-------+-------++-------
  Melee: Dagger            |    17 |       ||    17
         Quarterstaff      |       |     5 ||     5
   Cast: Sting             |    56 |    15 ||    71
         Mercury Vapours   |     1 |       ||     1
    Use: Scroll            |     2 |       ||     2
 Armour: Robe              |    12 |    19 ||    31
  Dodge: Dodged            |    16 |     7 ||    23
